 Dungeon Crawl Stone Soup version 0.19.0-2-gae57169 (webtiles) character file.

63690 Apert the Peltast (level 15, -1/202 HPs)
             Began as a Hill Orc Fighter on Nov 3, 2016.
             Was the Champion of Qazlal.
             Incinerated by a smoke demon (2 damage)
             ... with a sticky flame
             ... on level 2 of the Orcish Mines.
             The game lasted 01:27:11 (23584 turns).

Apert the Peltast (Hill Orc Fighter)               Turns: 23584, Time: 01:27:13

Health: -1/202     AC: 27    Str: 28    XL:     15   Next: 10%
Magic:  14/14      EV:  2    Int:  8    God:    Qazlal [******]
Gold:   1782       SH:  0    Dex: 11    Spells: 0 memorised, 14 levels left

rFire  + . .     SeeInvis +     S - +10 mace of Zaec {crush, rF- Str+3 SInv}
rCold  . . .     Gourm    .     (armour currently unavailable)
rNeg   + + +     Faith    .     c - +2 shield
rPois  +         Spirit   .     (helmet currently unavailable)
rElec  .         Reflect  +     (cloak currently unavailable)
rCorr  .         Harm     .     (gloves currently unavailable)
MR     +....     NoTele   +     (boots currently unavailable)
Stlth  +.........               b - +2 amulet of reflection
                                U - ring of protection from fire
                                s - +2 ring of evasion

@: confused, liquid flames, tree-form, protected from fire, very slightly
contaminated, glowing, repel missiles
A: (cold resistance 0), low mp 1, wild magic 1
a: Upheaval, Elemental Force, Disaster Area, Renounce Religion


You were on level 2 of the Orcish Mines.
You worshipped Qazlal.
Qazlal was exalted by your worship.
You were not hungry.
You were a tree.
You visited 4 branches of the dungeon, and saw 20 of its levels.
You also visited: Sewer.

You collected 1969 gold pieces.
You spent 187 gold pieces at shops.

Inventory:

Hand Weapons
 L - a +4 flail of protection
 R - a +0 flail of flaming
 S - the +10 mace of Zaec (weapon) {crush, rF- Str+3 SInv}
   (You found it on level 6 of the Lair of Beasts)

   It inflicts extra damage upon your enemies.
   It affects your strength (+3).
   It makes you vulnerable to fire.
   It lets you see invisible.
Armour
 c - a +2 shield (worn)
 i - a +0 pair of gloves (melded)
 E - a +1 cloak (melded)
 G - a +0 helmet (melded)
 J - a +0 scale mail of cold resistance (melded)
 Y - a +1 chain mail of magic resistance
Jewellery
 b - a +2 amulet of reflection (around neck)
 e - an uncursed amulet of the gourmand
 s - a +2 ring of evasion (left branch)
 F - an uncursed ring of resist corrosion
 N - an uncursed ring of poison resistance
 U - a ring of protection from fire (right branch)
Scrolls
 a - a scroll of torment
 g - 7 scrolls of remove curse
 k - 2 scrolls of immolation
 l - 10 scrolls of teleportation
 m - 5 scrolls of recharging
 w - 2 scrolls of enchant weapon
 y - 4 scrolls of enchant armour
 A - 2 scrolls of fog {unknown}
 B - 6 scrolls of fear
 K - 10 scrolls of identify
 M - 2 scrolls of noise {unknown}
 O - 2 scrolls of holy word {unknown}
 W - 2 scrolls of summoning
 X - a scroll of vulnerability {unknown}
Potions
 d - a potion of berserk rage {unknown}
 h - a potion of invisibility {unknown}
 n - a potion of ambrosia {unknown}
 o - 14 potions of curing
 q - 2 potions of lignification
 r - 8 potions of flight
 x - a potion of cancellation {unknown}
 z - 8 potions of haste
 D - 2 potions of might
 H - 2 potions of mutation
 I - 2 potions of magic {unknown}
 P - 2 potions of degeneration {unknown}
 Q - a potion of cure mutation {unknown}
 Z - 2 potions of agility {unknown}
Miscellaneous
 V - a phial of floods
Comestibles
 f - 12 bread rations
 j - 30 fruits
 p - 8 meat rations
 t - 7 slices of pizza
 u - 28 chunks of flesh
 v - 10 beef jerkies
 T - 10 royal jellies


   Skills:
 + Level 13.0 Fighting
 + Level 15.3 Maces & Flails
 + Level 10.8 Armour
 + Level 6.9 Dodging
 + Level 2.0 Stealth
 + Level 15.4 Shields
 + Level 1.8 Invocations


You had 14 spell levels left.
You didn't know any spells.

Dungeon Overview and Level Annotations

Branches:
Dungeon (11/15)            Temple (1/1) D:5            Lair (6/6) D:9
  Swamp (0/4) Lair:4        Snake (0/4) Lair:4        Slime (0/5) Lair:6
    Orc (2/2) D:9
    Elf: Orc:2

Altars:
Ashenzari
Cheibriados
Dithmenos
Elyvilon
Fedhas
Gozag
Hepliaklqana
Kikubaaqudgha
Makhleb
Nemelex Xobeh
Okawaru
Qazlal
Ru
Sif Muna
Trog
Uskayaw
Vehumet
Xom
Yredelemnul
Zin
The Shining One
Jiyva

Shops:
D:11 [   Orc:1 [(   Orc:2 :


Innate Abilities, Weirdness & Mutations

((Your flesh is cold resistant. (rC+)))
Your magical capacity is low. (-10% MP)
Your spells are a little harder to cast, but a little more powerful.


Message History

The orc sorcerer gestures wildly while chanting.
The orc wizard gestures at you while chanting.
You are confused.
You hear a shout!
The smoke demon gestures at you. The sticky flame hits you!
You are covered in liquid flames!
The orc sorcerer gestures wildly while chanting.
You see here an orc skeleton.
You are covered in liquid flames!
* * * LOW HITPOINT WARNING * * *
Your surroundings suddenly seem different.
You hear a shout! x3
It was a potion of lignification.
You turn into a tree.
Your +1 cloak melds into your body.
Your +0 helmet melds into your body.
Your +0 pair of gloves melds into your body.
Your +0 scale mail of cold resistance melds into your body.
You feel less resistant to cold.
Your roots penetrate the ground.
You are covered in liquid flames!
You die...

...####
#.## #.
#... ### ..
... .... .
...######
........##
.......♣§#
####......#
#..§....#
....#.....#
... ##....#
.. ..#..#
.# # .# ..#
.# .. ..#
.#


There were no monsters in sight!

Vanquished Creatures
  Snorg (Orc:1)
  Josephine (D:9)
  Fannar (D:11)
  Erolcha (D:9)
  6 hydras
  A catoblepas (Lair:6)
  The ghost of bartus0 the Fighter, a novice MiMo of Okawaru (D:9)
  2 orc high priests
  A wizard (D:9)
  5 large abominations
  A lindwurm (Lair:6)
  3 hill giants
  8 orc knights
  3 orc sorcerers
  2 cyclopes
  Maurice (D:8)
  Joseph (D:7)
  10 elephants
  7 black mambas
  9 spiny frogs
  A torpor snail (Lair:6)
  A gargoyle (D:11)
  3 rime drakes
  13 komodo dragons
  4 trolls
  3 hornets (D:9)
  Grinder (D:3)
  2 tyrant leeches (Lair:6)
  2 two-headed ogres
  5 hippogriffs
  20 blink frogs
  5 wraiths
  6 basilisks
  2 vampires
  5 wyverns
  Grum (Lair:1)
  7 small abominations
  30 yaks
  7 swamp worms
  Menkaure (D:7)
  5 wargs (Orc:1)
  A soldier ant (D:9)
  Edmund (D:6)
  Duvessa (D:7)
  5 porcupines
  7 water moccasins
  An ice beast (D:5)
  2 eyes of draining (D:10)
  21 orc warriors
  A black bear (Lair:1)
  4 phantoms
  3 sky beasts
  7 centaurs
  11 ogres
  29 wolves
  16 crocodiles
  15 bullfrogs
  2 scorpions
  Dowan (D:7)
  5 killer bees (D:9)
  A water moccasin skeleton (D:9)
  11 electric eels
  8 wights
  2 howler monkeys
  3 bullfrog zombies
  5 jellies
  2 quasits
  2 bullfrog skeletons
  5 hounds
  2 centaur skeletons
  17 orc priests
  40 orc wizards
  5 iguanas
  6 worker ants
  Terence (D:2)
  2 hound zombies
  A hound skeleton (D:9)
  A mummy (D:4)
  Robin (D:3)
  14 adders
  4 gnolls (D:4)
  A river rat (Lair:6)
  2 shadow imps
  An adder skeleton (D:10)
  2 worms
  2 dart slugs
  3 leopard geckos
  67 orcs
  5 ball pythons
  4 giant cockroaches
  2 gnoll zombies (D:3)
  14 goblins
  11 hobgoblins
  22 jackals
  3 quokkas
  A ball python skeleton (D:4)
  5 bats
  6 frilled lizards
  A hobgoblin zombie (D:4)
  13 kobolds
  A kobold zombie (D:4)
  A leopard gecko skeleton (D:7)
  2 orc zombies (D:4)
  A quokka skeleton (D:4)
  8 rats
  A bush (Lair:6)
  21 fungi
  31 plants
686 creatures vanquished.

Vanquished Creatures (others)
  An orc knight (Orc:1)
  A cyclops (Orc:2)
  An orc (Orc:1)
  2 bushes (Lair:6)
  15 fungi
  19 plants
39 creatures vanquished.

Grand Total: 725 creatures vanquished

Notes
Turn   | Place    | Note
-------+----------+-------------------------------------------
     0 | D:1      | Apert the Hill Orc Fighter began the quest for the Orb.
     0 | D:1      | Reached XP level 1. HP: 19/19 MP: 1/1
    76 | D:1      | Reached XP level 2. HP: 21/27 MP: 2/2
   586 | D:1      | Reached XP level 3. HP: 33/33 MP: 3/3
  1247 | D:2      | Found an iron altar of Okawaru.
  1276 | D:2      | Noticed Terence
  1311 | D:2      | Killed Terence
  1311 | D:2      | Reached XP level 4. HP: 19/40 MP: 4/4
  1629 | D:3      | Found a glowing drain.
  1681 | Sewer    | Entered a sewer
  2028 | Sewer    | HP: 2/40 [poisoned by a kobold]
  2441 | Sewer    | Reached XP level 5. HP: 45/46 MP: 5/5
  2839 | D:3      | Noticed Robin
  2870 | D:3      | Killed Robin
  2872 | D:3      | Noticed Grinder
  2897 | D:3      | Killed Grinder
  2897 | D:3      | Reached skill level 5 in Maces & Flails
  2897 | D:3      | Reached skill level 1 in Dodging
  2897 | D:3      | Reached XP level 6. HP: 32/53 MP: 6/6
  3222 | D:3      | Reached XP level 7. HP: 52/60 MP: 7/7
  3237 | D:3      | Found a faded altar of an unknown god.
  3237 | D:3      | Found a snail-covered altar of Cheibriados.
  3244 | D:3      | Found a faded altar of an unknown god.
  3246 | D:3      | Found a faded altar of an unknown god.
  3247 | D:3      | Found a faded altar of an unknown god.
  3384 | D:3      | Found a basalt altar of Yredelemnul.
  4045 | D:4      | Reached skill level 5 in Fighting
  4365 | D:5      | Entered Level 5 of the Dungeon
  4374 | D:5      | Found a staircase to the Ecumenical Temple.
  4385 | Temple   | Entered the Ecumenical Temple
  4425 | Temple   | Became a worshipper of Qazlal Stormbringer
  4912 | D:6      | Reached XP level 8. HP: 59/68 MP: 8/8
  4961 | D:6      | Reached skill level 5 in Armour
  4961 | D:6      | Reached skill level 5 in Shields
  5132 | D:6      | Noticed Edmund
  5152 | D:6      | Killed Edmund
  5914 | D:7      | Noticed Dowan
  5918 | D:7      | Noticed Duvessa
  5921 | D:7      | Killed Dowan
  5925 | D:7      | Killed Duvessa
  5925 | D:7      | Reached skill level 1 in Stealth
  5964 | D:7      | Noticed Joseph
  5981 | D:7      | Killed Joseph
  6049 | D:7      | Noticed Menkaure
  6058 | D:7      | Killed Menkaure
  6058 | D:7      | Reached XP level 9. HP: 41/75 MP: 9/9
  6978 | D:8      | Noticed Maurice
  6985 | D:8      | Paralysed by Maurice for 7 turns
  7559 | D:8      | Killed Maurice
  7678 | D:9      | Reached * piety under Qazlal
  7903 | D:9      | Noticed a hornet
  7929 | D:9      | Killed a hornet
  8020 | D:9      | Noticed bartus0's ghost (novice MiMo)
  8073 | D:9      | Killed bartus0's ghost
  8073 | D:9      | Reached skill level 10 in Maces & Flails
  8073 | D:9      | Reached XP level 10. HP: 44/86 MP: 10/10
  8516 | D:9      | Found a staircase to the Orcish Mines.
  8522 | D:9      | Found a staircase to the Lair.
  8659 | D:9      | Noticed a wizard
  8669 | D:9      | Paralysed by a wizard for 7 turns
  8677 | D:9      | Killed a wizard
  8805 | D:9      | Noticed a large abomination
  8805 | D:9      | Noticed a large abomination
  9105 | D:9      | Found a sacrificial altar of Ru.
  9174 | D:9      | Reached ** piety under Qazlal
  9179 | D:9      | Paralysed by a hornet for 2 turns
  9505 | D:9      | Killed a large abomination
  9607 | D:9      | Found a glowing silver altar of Zin.
  9618 | D:9      | Found a hazy altar of Hepliaklqana.
  9805 | D:9      | Reached XP level 11. HP: 94/94 MP: 11/11
  9877 | D:8      | Killed a large abomination
 10357 | D:10     | Entered Level 10 of the Dungeon
 10735 | D:10     | Noticed Erolcha
 10750 | D:10     | Paralysed by Erolcha for 5 turns
 10782 | D:9      | Killed Erolcha
 11193 | D:10     | Noticed a cyclops
 11197 | D:10     | Noticed a hill giant
 11220 | D:10     | Noticed a hill giant
 11240 | D:9      | Killed a hill giant
 11245 | D:9      | HP: 4/95 [small abomination (16)]
 11669 | D:10     | Killed a hill giant
 11886 | D:10     | Reached skill level 10 in Shields
 11911 | D:10     | Noticed a hill giant
 11926 | D:10     | Killed a hill giant
 12229 | D:10     | Killed a cyclops
 12439 | D:10     | Reached *** piety under Qazlal
 12587 | D:11     | Found Picosuip's Armour Shop.
 12615 | D:11     | Reached XP level 12. HP: 104/104 MP: 12/12
 12666 | D:11     | Bought a +0 scale mail of cold resistance for 187 gold pieces
 13325 | D:11     | Noticed Fannar
 13354 | D:11     | Killed Fannar
 13354 | D:11     | Reached skill level 1 in Invocations
 13550 | Lair:1   | Entered Level 1 of the Lair of Beasts
 13603 | Lair:1   | Noticed a seven-headed hydra
 13623 | Lair:1   | Killed a seven-headed hydra
 13798 | Lair:1   | Reached skill level 5 in Dodging
 14091 | Lair:1   | Reached skill level 10 in Fighting
 15107 | Lair:1   | Reached **** piety under Qazlal
 15196 | Lair:1   | Reached XP level 13. HP: 101/114 MP: 14/14
 15205 | Lair:1   | Noticed Grum
 15230 | Lair:1   | Killed Grum
 17900 | Lair:4   | Found a staircase to the Snake Pit.
 18279 | Lair:4   | Reached ***** piety under Qazlal
 18307 | Lair:4   | Reached skill level 10 in Armour
 18673 | Lair:4   | Found a staircase to the Swamp.
 19628 | Lair:6   | Entered Level 6 of the Lair of Beasts
 19819 | Lair:6   | Found a staircase to the Slime Pits.
 19819 | Lair:6   | Found a viscous altar of Jiyva.
 19947 | Lair:6   | Reached XP level 14. HP: 78/124 MP: 15/15
 20756 | Lair:6   | Reached ****** piety under Qazlal
 21275 | Lair:6   | Got an ichor-stained mace
 21277 | Lair:6   | Identified the +10 mace of Zaec {crush, rF- Str+3 SInv} (You found it on level 6 of the Lair of Beasts)
 21582 | Orc:1    | Entered Level 1 of the Orcish Mines
 21592 | Orc:1    | Noticed Josephine
 21612 | D:9      | Killed Josephine
 21983 | Orc:1    | Found Xigeutt's Weapon Shop.
 22159 | Orc:1    | Noticed Snorg
 22169 | Orc:1    | Killed Snorg
 22169 | Orc:1    | Reached skill level 15 in Maces & Flails
 22575 | Orc:1    | Reached skill level 15 in Shields
 22903 | Orc:1    | Found Pecieh's Antique Armour Shop.
 23249 | Orc:2    | Entered Level 2 of the Orcish Mines
 23258 | Orc:2    | Reached XP level 15. HP: 131/134 MP: 16/16
 23574 | Orc:2    | Found Ucwuci's Book Emporium.
 23578 | Orc:2    | HP: 2/135 [orc priest/divine providence (12)]
 23579 | Orc:2    | Gained mutation: Your flesh is cold resistant. (rC+) [potion of mutation]
 23579 | Orc:2    | Gained mutation: Your spells are a little harder to cast, but a little more powerful. [potion of mutation]
 23579 | Orc:2    | Gained mutation: Your magical capacity is low. (-10% MP) [potion of mutation]
 23583 | Orc:2    | HP: 1/135 [burnt (2)]
 23584 | Orc:2    | Incinerated by a smoke demon

Skill      XL: |  1  2  3  4  5  6  7  8  9 10 11 12 13 14 15 |
---------------+----------------------------------------------+-----
Fighting       | 4 5 6 7 8 9 10 11 12 13 | 13.0
Maces & Flails | 3 5 6 8 10 11 12 14 15 | 15.3
Shields        | 4 6 7 8 10 11 13 15 | 15.4
Armour         | 4 5 7 8 9 10 | 10.8
Dodging        | 1 2 3 4 5 6 |  6.9
Stealth        | 1 2 |  2.0
Invocations    | 1 |  1.8

Action                   |  1- 3 |  4- 6 |  7- 9 | 10-12 | 13-15 || total
-------------------------+-------+-------+-------+-------+-------++-------
Melee: Flail             |   135 |   345 |   471 |   898 |   765 ||  2614
       Mace              |       |       |       |       |   408 ||   408
Invok: Upheaval          |       |       |       |     6 |       ||     6
  Use: Potion            |       |     1 |       |     2 |     3 ||     6
       Scroll            |       |       |    11 |     3 |    14 ||    28
 Stab: Distracted        |       |       |       |       |     1 ||     1
  Eat: Chunk             |    16 |     8 |    16 |    24 |    19 ||    83
       Meat ration       |       |       |       |       |     1 ||     1
       Royal jelly       |       |       |       |       |     1 ||     1
Armor: Scale mail        |    72 |    99 |   148 |   157 |   206 ||   682
Dodge: Dodged            |    42 |    67 |   153 |   202 |   269 ||   733
       Deflected         |       |       |       |       |     3 ||     3
Block: Shield            |    75 |   118 |   204 |   516 |  1037 ||  1950
       Reflection        |       |       |       |       |    26 ||    26
